 Dungeon Crawl Stone Soup version 0.26.1-10-gdfb7c7de75 (webtiles) character file.

Game seed: 6706074281220143576

6678 Almogavar the Spear-Bearer (level 11, -1/84 HPs)
             Began as a Merfolk Gladiator on Apr 7, 2021.
             Was a High Priest of Okawaru.
             Slain by a vampire (10 damage)
             ... on level 10 of the Dungeon.
             The game lasted 00:27:09 (12485 turns).

Almogavar the Spear-Bearer (Merfolk Gladiator)     Turns: 12485, Time: 00:27:10

Health: -1/84      AC: 27    Str: 17    XL:     11   Next: 3%
Magic:  0/11       EV: 14    Int:  8    God:    Okawaru [*****.]
Gold:   573        SH:  0    Dex: 16    Spells: 10/10 levels left

rFire    . . .     SeeInvis .   I - +1 trident (protect)
rCold    + . .     Faith    .   (no shield)
rNeg     . . .     Spirit   +   M - +0 chain mail
rPois    .         Reflect  .   n - +0 helmet
rElec    .         Harm     .   t - +0 cloak
rCorr    +         Rampage  .   N - +1 pair of gloves
Will     .....                  o - +1 pair of boots
Stlth    ..........             H - amulet of guardian spirit
HPRegen  0.24/turn              D - ring of resist corrosion
MPRegen  0.12/turn              q - ring of protection from cold

@: confused, heroism, protection aura
A: change form in water, swift swim, stealthy swim
a: Renounce Religion, Heroism, Finesse


You were on level 10 of the Dungeon.
You worshipped Okawaru.
Okawaru was extremely pleased with you.
You visited 2 branches of the dungeon, and saw 11 of its levels.

You collected 633 gold pieces.
You spent 60 gold pieces at shops.

Inventory:

Hand Weapons
 v - a +1 trident of freezing
 I - a +1 trident of protection (weapon)
Missiles
 u - 35 poisoned darts (quivered)
 K - 3 datura-tipped darts
Armour
 k - a +0 kite shield
 n - a +0 helmet (worn)
 o - a +1 pair of boots (worn)
 t - a +0 cloak (worn)
 F - a scarf of harm
 M - a +0 chain mail (worn)
 N - a +1 pair of gloves (worn)
Jewellery
 d - an uncursed ring of stealth
 f - an uncursed ring of flight
 l - an uncursed ring of wizardry
 m - an uncursed ring of magical power
 q - a ring of protection from cold (right hand)
 D - a ring of resist corrosion (left hand)
 H - an amulet of guardian spirit (around neck)
Wands
 a - a wand of iceblast (9)
 e - a wand of flame (11)
 x - a wand of acid (32)
 A - a wand of enslavement (7)
 B - a wand of random effects (43)
Scrolls
 g - 9 scrolls of teleportation
 i - 2 scrolls of blinking
 j - 3 scrolls of amnesia
 s - 5 scrolls of enchant armour
 w - 2 scrolls of immolation {unknown}
 y - a scroll of brand weapon
 E - 2 scrolls of remove curse {unknown}
 G - a scroll of fear
 J - a scroll of summoning {unknown}
Potions
 b - 2 potions of berserk rage
 c - a potion of invisibility
 h - 3 potions of ambrosia
 p - 4 potions of haste
 r - a potion of curing
 z - 2 potions of flight
 C - 2 potions of magic {unknown}
 L - a potion of resistance {unknown}


   Skills:
 + Level 7.5(12.5) Fighting
 + Level 14.4(19.4) Polearms
 + Level 5.6(10.6) Throwing
 + Level 6.2(11.2) Armour
 + Level 7.0(12.0) Dodging
 + Level 2.9(7.9) Stealth
 + Level 0.5 Invocations


You had 10 spell levels left.
You didn't know any spells.
Your spell library was empty.

Dungeon Overview and Level Annotations

Branches:
Dungeon (10/15)            Temple (1/1) D:4            Lair (0/6) D:8
    Orc: D:9-12

Altars:
Ashenzari
Cheibriados
Dithmenos
Elyvilon
Fedhas
Gozag
Hepliaklqana
Kikubaaqudgha
Makhleb
Nemelex Xobeh
Okawaru
Qazlal
Ru
Sif Muna
Trog
Vehumet
Wu Jian
Xom
Yredelemnul
Zin
The Shining One

Shops:
D:5 [!!((

Annotations:
D:8 2 transporters, 1 runed translucent door, lysyklops's ghost, novice OpCj


Message History

Something bites you.
* * * LOW HITPOINT WARNING * * *
Something draws strength from your injuries!
You closely miss something. You barely miss something. Something hits you.
* * * LOW HITPOINT WARNING * * *
Something bites you but does no damage.
You gain the combat prowess of a mighty hero.
Something hits you.
* * * LOW HITPOINT WARNING * * *
Something bites you!
* * * LOW HITPOINT WARNING * * *
Something draws strength from your injuries!
You hit something. You punch something. You completely miss something.
You hear some strange, mumbled words.
You are confused.
Your chain mail prevents you from hitting something.
Something hits you!
You die...

.#..#..)...
......)).†.
##[....)...
#.........
#########.........
#.........#.......
#.......(.#.......
#.........#.......
#@{(..............
#........ #.......
#........ #.......
#........ #.......
#........ #.......
######### ##......
##(.... ######


There were no monsters in sight!

Vanquished Creatures
  Erica (D:9)
  A kobold demonologist (D:10)
  2 trolls
  Prince Ribbit (D:9)
  A shadow (D:8)
  4 wraiths (D:8)
  2 fire bats (D:8)
  Grum (D:9)
  Eustachio (D:6)
  A vampire mosquito (D:10)
  Menkaure (D:7)
  Edmund (D:6)
  A water moccasin (D:5)
  An orc warrior (D:9)
  An ice beast (D:9)
  A sky beast (D:10)
  A necrophage (D:6)
  4 centaurs
  5 ogres
  3 wolves (D:9)
  3 big kobolds (D:10)
  4 bullfrogs
  4 scorpions
  A water moccasin zombie (D:9)
  3 wights (D:10)
  A howler monkey (D:4)
  A bullfrog zombie (D:10)
  2 centaur zombies
  5 hounds
  3 jellies
  5 orc wizards
  A bullfrog skeleton (D:7)
  3 orc priests
  2 iguanas
  4 worker ants
  A hound skeleton (D:9)
  3 hound zombies
  Robin (D:3)
  A worker ant zombie (D:8)
  3 gnolls (D:4)
  A howler monkey skeleton (D:7)
  10 adders
  A shadow imp (D:6)
  2 white imps (D:6)
  2 ufetubi
  An adder zombie (D:5)
  A worm (D:2)
  A dart slug (D:1)
  5 leopard geckos
  24 orcs
  4 giant cockroaches
  2 gnoll zombies (D:4)
  11 goblins
  8 hobgoblins
  5 jackals
  6 quokkas
  2 ball pythons
  14 bats
  7 frilled lizards
  17 kobolds
  A leopard gecko skeleton (D:4)
  7 rats
217 creatures vanquished.

Notes
Turn   | Place    | Note
-------+----------+-------------------------------------------
     0 | D:1      | Almogavar the Merfolk Gladiator began the quest for the
                  | Orb.
     0 | D:1      | Reached XP level 1. HP: 16/16 MP: 1/1
    16 | D:1      | Noticed an electric eel
   408 | D:1      | Reached XP level 2. HP: 22/22 MP: 2/2
   715 | D:1      | Reached skill level 5 in Polearms
   997 | D:2      | Reached XP level 3. HP: 19/27 MP: 3/3
  2019 | D:2      | Reached XP level 4. HP: 32/34 MP: 4/4
  2493 | D:3      | Reached skill level 1 in Armour
  2584 | D:3      | Found a snail-covered altar of Cheibriados.
  2973 | D:3      | Noticed Robin
  2988 | D:3      | Killed Robin
  2989 | D:3      | Reached skill level 6 in Polearms
  2989 | D:3      | Reached skill level 1 in Stealth
  3573 | D:4      | Reached XP level 5. HP: 25/39 MP: 5/5
  3714 | D:4      | Found an ancient bone altar of Kikubaaqudgha.
  4107 | D:4      | Found a basalt altar of Yredelemnul.
  4272 | D:4      | Found a blossoming altar of Fedhas.
  4435 | D:4      | Found a staircase to the Ecumenical Temple.
  4441 | Temple   | Entered the Ecumenical Temple
  4508 | Temple   | Became a worshipper of Warmaster Okawaru
  4595 | D:4      | Reached skill level 7 in Polearms
  4595 | D:4      | Reached XP level 6. HP: 34/46 MP: 6/6
  4960 | D:5      | Entered Level 5 of the Dungeon
  4960 | D:5      | Found Sejusch's Distillery.
  4960 | D:5      | Found Faigysh's Distillery.
  4975 | D:5      | Reached skill level 5 in Dodging
  5175 | D:5      | Bought a potion of heal wounds for 60 gold pieces
  5224 | D:5      | Reached * piety under Okawaru
  5317 | D:5      | Found Bydet's Weapon Shop.
  5326 | D:5      | Reached skill level 8 in Polearms
  5326 | D:5      | Reached XP level 7. HP: 52/52 MP: 7/7
  6072 | D:5      | Found Kocan's Antique Weapon Shop.
  6095 | D:5      | Reached skill level 9 in Polearms
  6333 | D:5      | Found a shadowy altar of Dithmenos.
  6374 | D:5      | Found Gytya's Armour Shop.
  6384 | D:5      | Found a sparkling altar of Nemelex Xobeh.
  6513 | D:6      | Reached XP level 8. HP: 60/60 MP: 8/8
  6788 | D:6      | Reached ** piety under Okawaru
  6810 | D:6      | Noticed Edmund
  6811 | D:6      | Noticed Eustachio
  6823 | D:6      | Killed Edmund
  6855 | D:6      | Killed Eustachio
  6856 | D:6      | Reached skill level 10 in Polearms
  7552 | D:7      | Found a broken altar of Ashenzari.
  7704 | D:7      | Reached XP level 9. HP: 56/66 MP: 9/9
  7855 | D:7      | Reached skill level 11 in Polearms
  7916 | D:7      | Noticed Menkaure
  7929 | D:7      | Killed Menkaure
  8372 | D:7      | Found a glowing silver altar of Zin.
  8378 | D:7      | Reached *** piety under Okawaru
  8864 | D:8      | Reached skill level 5 in Fighting
  8913 | D:8      | Identified the +0 dire flail of Joyful Slaughter {vorpal,
                  | Dex+7}
  8913 | D:8      | Noticed a two-headed ogre
  8936 | D:8      | Reached skill level 12 in Polearms
  8999 | D:8      | Found a staircase to the Lair.
  9065 | D:8      | Found a transporter.
  9065 | D:8      | Noticed lysyklops's ghost (novice OpCj)
  9069 | D:8      | Found a transporter.
  9158 | D:8      | Found a sacrificial altar of Ru.
  9222 | D:8      | Received a gift from Okawaru
  9441 | D:8      | Found a stormy altar of Qazlal.
  9449 | D:8      | Reached skill level 13 in Polearms
  9449 | D:8      | Reached XP level 10. HP: 66/76 MP: 10/10
  9503 | D:8      | Found a runed translucent door.
  9504 | D:8      | Noticed a flayed ghost
  9508 | D:8      | Found a shimmering blue altar of Sif Muna.
  9542 | D:8      | Found a glowing golden altar of the Shining One.
  9570 | D:8      | Found an ornate altar of the Wu Jian Council.
  9681 | D:8      | Found a glowing golden altar of the Shining One.
  9795 | D:9      | Reached skill level 5 in Armour
 10102 | D:9      | Noticed Erica
 10125 | D:9      | Killed Erica
 10125 | D:9      | Reached **** piety under Okawaru
 10335 | D:9      | Noticed Grum
 10357 | D:9      | Reached skill level 5 in Throwing
 10370 | D:9      | Killed Grum
 10739 | D:9      | Reached skill level 14 in Polearms
 11021 | D:9      | Reached ***** piety under Okawaru
 11065 | D:9      | Noticed Prince Ribbit
 11077 | D:9      | Killed Prince Ribbit
 11505 | D:10     | Entered Level 10 of the Dungeon
 11946 | D:10     | Noticed a kobold demonologist
 11966 | D:10     | Noticed a sun demon
 11978 | D:10     | Killed a kobold demonologist
 11979 | D:10     | Reached XP level 11. HP: 61/84 MP: 9/11
 12485 | D:10     | Slain by a vampire

Illustrated notes

Levels and vault maps discovered:
D:1:      arrival_aquarium_a, layout_basic
D:2:      layout_basic, minmay_misc_feat_chi, serial_bayou_pond_a,
          minmay_circle_x
D:3:      layout_loops_corners, old_standard_altar, uniq_robin
D:4:      layout_loops_corners, lemuel_zombie_altar_yredelemnul,
          lemuel_crystal_altar, minmay_temple_entry_fiery, fedhas_altar_1
D:5:      layout_rooms, nicolae_dithmenos_the_darkroom,
          nemelex_xobeh_ov_fountains_minmay, serial_shops, nicolae_shop_trees,
          shop, shop, nicolae_shop_stone, nicolae_shop_crystal
D:6:      layout_rooms, uniq_edmund, uniq_eustachio
D:7:      layout_loops_ring, nicolae_overflow_crystal_walls, basic_altar,
          uniq_menkaure
D:8:      due_megacathedral, layout_cave_pools, lair_entry_dummy,
          gammafunk_ghost_smash
D:9:      layout_stronghold, uniq_grum, uniq_erica, uniq_prince_ribbit1
D:10:     layout_rooms, minmay_guarded_unrand_vampires_tooth, uniq_maurice
Temple:   eino_temple_scatter_basement

Skill      XL: |  1  2  3  4  5  6  7  8  9 10 |
---------------+-------------------------------+-----
Polearms       | 5 6 7 8 9 10 13 14 | 14.4
Armour         | 1 2 3 4 6 |  6.2
Stealth        | 1 2 |  2.9
Fighting       | 3 4 5 7 |  7.5
Dodging        | 5 6 7 |  7.0
Throwing       | 3 4 5 |  5.6
Invocations    | |  0.5

Action                   |  1- 3 |  4- 6 |  7- 9 | 10-12 || total
-------------------------+-------+-------+-------+-------++-------
Melee: Trident           |   119 |   167 |   439 |   369 ||  1094
       Punch             |       |       |       |     3 ||     3
Throw: Throwing net      |       |     1 |     2 |       ||     3
       Dart              |       |       |    40 |    52 ||    92
       Boomerang         |       |       |     3 |       ||     3
Invok: Heroism           |       |       |     2 |     6 ||     8
  Use: Scroll            |     1 |     9 |     5 |     3 ||    18
       Potion            |     1 |       |     2 |     2 ||     5
 Stab: Sleeping          |     3 |     1 |     1 |       ||     5
       Held in net/web   |       |       |     1 |       ||     1
Armor: Leather armour    |    15 |     1 |       |       ||    16
       Ring mail         |       |     7 |       |       ||     7
       Scale mail        |       |    24 |   120 |    17 ||   161
       Chain mail        |       |       |       |   129 ||   129
Dodge: Dodged            |    58 |    84 |   214 |   136 ||   492
